 Dungeon Crawl Stone Soup version 0.17.1-2-g5865329 (webtiles) character file.

237 Eucla the Sneak (level 5, -4/28 HPs)
             Began as a Deep Elf Enchanter on Apr 9, 2016.
             Slain by a gnoll (6 damage)
             ... on level 3 of the Dungeon.
             The game lasted 00:05:51 (2852 turns).

Eucla the Sneak (Deep Elf Enchanter)                Turns: 2852, Time: 00:05:51

Health: -4/28      AC:  3    Str:  5    XL:     5   Next: 77%
Magic:  8/14       EV: 13    Int: 20    God:
Gold:   135        SH:  0    Dex: 16    Spells: 5 memorised, 2 levels left

rFire  . . .     SeeInvis .     q - +1 dagger (venom)
rCold  . . .     Clarity  .     b - +1 robe
rNeg   . . .     SustAt   .     (no shield)
rPois  .         Gourm    .     (no helmet)
rElec  .         Spirit   .     (no cloak)
rCorr  .         Warding  .     (no gloves)
rMut   .         Rnd*Tele +     (no boots)
MR     .....                    l - amulet of rage
Stlth  +++.......               (no ring)
                                r - ring of teleportation (curse)

@: not resistant to hostile enchantments, fairly stealthy
A: no striking features
a: Evoke Berserk Rage, Evoke Teleportation


You were on level 3 of the Dungeon.
You were not hungry.

You visited 1 branch of the dungeon, and saw 3 of its levels.

You collected 135 gold pieces.

Inventory:

Hand Weapons
 a - a +1 dagger
 q - a +1 dagger of venom (weapon)
Armour
 b - a +1 robe (worn)
 p - a +0 shadow dragon armour
Jewellery
 l - an amulet of rage (around neck)
 n - an uncursed amulet of resist mutation {unknown}
 r - a cursed ring of teleportation (left hand)
Scrolls
 e - a scroll of recharging {unknown}
 f - 4 scrolls of remove curse {unknown}
 h - 3 scrolls of identify {unknown}
 j - a scroll of teleportation {unknown}
 m - 2 scrolls of enchant armour
Potions
 g - a potion of heal wounds {unknown}
 i - a potion of mutation {unknown}
 k - a potion of might {unknown}
 o - a potion of curing
Books
 c - a book of Maledictions

   Spells                             Type                      Level
   a - Corona                         Hexes                        1
   b - Ensorcelled Hibernation        Hexes/Ice                    2
   c - Confuse                        Hexes                        3
   d - Tukima's Dance                 Hexes                        3
   e - Dazzling Spray                 Conjuration/Hexes            3
Comestibles
 d - 3 bread rations


   Skills:
 - Level 1.0 Short Blades
 - Level 2.4 Dodging
 + Level 5.9 Stealth
 + Level 5.1 Spellcasting
 + Level 5.8 Hexes


You had 2 spell levels left.
You knew the following spells:

 Your Spells              Type           Power        Failure   Level  Hunger
a - Ensorcelled Hibernat  Hex/Ice        ###...       6%          2    None
b - Corona                Hex            ####...      1%          1    None
c - Dazzling Spray        Conj/Hex       ###.....     12%         3    ##.....
d - Confuse               Hex            ####....     3%          3    ##.....
e - Tukima's Dance        Hex            ####....     3%          3    ##.....


Dungeon Overview and Level Annotations

Branches:
Dungeon (3/15)

Altars:
Nemelex Xobeh


Message History

The stone barely misses your flail. The gnoll barely misses you.
Your flail hits steps's ghost!
Steps's ghost is destroyed!
Your Spellcasting skill increases to level 5!
You hit the gnoll.
The gnoll looks even sicker.
The gnoll is heavily wounded.
A stone appears from out of your range of vision.
The stone hits your flail but does no damage.
The gnoll closely misses you.
Unknown command.
You hit the gnoll but do no damage.
The gnoll is heavily wounded.
The gnoll hits you!
* * * LOW HITPOINT WARNING * * *
Unknown command.
You hit the gnoll but do no damage.
The gnoll is heavily wounded.
A stone appears from out of your range of vision.
The stone misses your flail. The gnoll hits you.
You die...

.....................#.##........
.....................#.......###.
............>.......##..#.##.##..
............K.............##.##..
..))..............####..#.##.##.#
................#.......#.##.##.#
...............###.#.#...........
..............####.#.#..........#
.#...........((g@..#.##........##
.##.........######.#.##..........
. ##.......#.......#.............
##.$...##..#....###......#..##
##...###..#.#................
##....#.......#####..#.##.##
#....#.##.#.## #..>......#
#....#.##.#.#####.......†..
#....#......#..............


You could see a gnoll and a friendly flail.

Vanquished Creatures
  Jessica (D:3)
  2 gnolls (D:3)
  6 adders
  2 oozes
  4 giant geckos (D:2)
  An orc (D:3)
  8 bats
  7 goblins
  5 hobgoblins
  3 jackals (D:2)
  5 giant cockroaches
  3 giant newts
  6 kobolds
  7 rats
60 creatures vanquished.

Vanquished Creatures (collateral kills)
  The ghost of steps the Cutter, an amateur DsBe of Trog (D:3)
1 creature vanquished.

Grand Total: 61 creatures vanquished

Notes
Turn   | Place    | Note
--------------------------------------------------------------
     0 | D:1      | Eucla the Deep Elf Enchanter began the quest for the Orb.
     0 | D:1      | Reached XP level 1. HP: 10/10 MP: 6/6
   723 | D:1      | Reached XP level 2. HP: 6/15 MP: 8/8
   894 | D:1      | Learned a level 2 spell: Ensorcelled Hibernation
  1472 | D:2      | Reached XP level 3. HP: 15/19 MP: 0/10
  1501 | D:2      | Learned a level 3 spell: Dazzling Spray
  1505 | D:2      | Learned a level 3 spell: Confuse
  1737 | D:2      | Found a sparkling altar of Nemelex Xobeh.
  1953 | D:2      | Reached XP level 4. HP: 22/24 MP: 12/12
  2144 | D:2      | Reached skill level 5 in Stealth
  2156 | D:3      | Reached skill level 5 in Hexes
  2198 | D:3      | Noticed steps's ghost (amateur DsBe)
  2562 | D:3      | Noticed Jessica
  2567 | D:3      | Killed Jessica
  2567 | D:3      | Reached XP level 5. HP: 28/28 MP: 14/14
  2576 | D:3      | Learned a level 3 spell: Tukima's Dance
  2849 | D:3      | Killed steps's ghost
  2849 | D:3      | Reached skill level 5 in Spellcasting
  2852 | D:3      | Slain by a gnoll

Action                   |  1- 3 |  4- 6 || total
-------------------------+-------+-------++-------
Melee: Dagger            |   146 |    70 ||   216
 Cast: Ensorcelled Hiber |     4 |     4 ||     8
       Dazzling Spray    |       |     2 ||     2
       Confuse           |       |     3 ||     3
       Tukima's Dance    |       |     1 ||     1
  Use: Potion            |     1 |       ||     1
       Scroll            |       |     1 ||     1
 Stab: Sleeping          |    16 |    12 ||    28
       Distracted        |       |     2 ||     2
       Invisible         |       |     1 ||     1
       Confused          |       |     1 ||     1
  Eat: Chunk             |     3 |     2 ||     5
       Beef jerky        |       |     1 ||     1
